Map: Deathaura LE

Players

MilesTeg - Winner!

  • Race: Terran Terran
  • League: Diamond
  • Spawn Location: 11:00

FeEbLeNFraiL

  • Race: Terran Terran
  • League: Master
  • Spawn Location: 5:00

VOD

Have the link to the VOD?

Description

Time

  • Played on: July 23, 2020, 4:39 p.m.
  • Length: 17:19
Show
View Real Time Build Order
Export as new Build Order

MilesTeg Terran - Winner!

Build Orders: Liberator Opening 

Get SALT Encoding   

  12  0:01  SCV  
  14  0:14  SCV  
  14  0:17  Supply Depot  
  14  0:26  SCV  
  15  0:41  Barracks  
  15  0:42  SCV  
  16  0:45  Refinery  
  16  0:54  SCV  
  17  1:06  SCV  
  18  1:18  SCV  
  19  1:31  Supply Depot  
  19  1:36  Orbital Command  
  19  1:51  Barracks Reactor  
  19  2:06  SCV  
  19  2:07  Command Center  
  20  2:14  Factory  
  20  2:19  SCV  
  21  2:31  SCV, Refinery  
  21  2:34  Marine x2  
  24  2:46  SCV  
  25  2:51  Supply Depot, Marine  
  25  2:52  Marine  
  27  2:58  Factory Tech Lab  
  27  3:01  Starport  
  27  3:03  SCV  
  28  3:09  Marine  
  29  3:15  SCV  
  30  3:20  Orbital Command  
  30  3:22  Siege Tank  
  33  3:27  SCV  
  34  3:36  Supply Depot  
  34  3:39  SCV  
  35  3:46  Liberator  
  38  3:50  Marine x2  
  38  3:52  SCV  
  38  3:53  SCV  
  42  3:57  Supply Depot  
  42  4:07  SCV x2  
  42  4:09  Marine, Siege Tank  
  48  4:19  SCV x2  
  48  4:20  Supply Depot  
  50  4:31  SCV x2  
  50  4:32  Marine  
  50  4:33  Marine  
  54  4:41  Siege Tank  
  54  4:43  SCV  
  54  4:45  Barracks  
  58  4:48  Starport Reactor, Barracks  
  58  4:51  Marine x2  
  58  4:52  SCV  
  61  4:55  SCV, Supply Depot  
  62  5:06  SCV  
  60  5:08  SCV  
  60  5:13  Siege Tank  
  60  5:28  Viking  
  47  6:08  SCV x2  
  47  6:09  Siege Tank  
  47  6:10  Viking  
  54  6:15  Marine x2  
  54  6:16  Barracks Tech Lab x2  
  56  6:20  SCV x2, Barracks  
  56  6:24  Barracks  
  56  6:25  Command Center  
  56  6:32  SCV  
  57  6:34  Viking  
  59  6:43  Supply Depot  
  59  6:45  Marine x2  
  61  6:51  SCV x2  
  61  6:54  Refinery  
  63  6:55  Refinery  
  63  7:01  Engineering Bay  
  63  7:02  Marine  
  63  7:03  SCV x2  
  63  7:05  Supply Depot  
  66  7:12  Barracks Reactor  
  66  7:15  SCV x2  
  68  7:25  Barracks Reactor  
  68  7:27  SCV x2  
  68  7:29  Missile Turret  
  70  7:33  Missile Turret  
  70  7:37  Viking  
  70  7:38  Viking, Siege Tank  
  70  7:39  SCV, Marine x3  
  81  7:45  Missile Turret  
  81  7:48  Missile Turret  
  81  7:50  Missile Turret  
  81  8:00  Marine x4  
  81  8:01  Marine  
  81  8:02  Starport  
  86  8:07  SCV, Missile Turret  
  86  8:10  Siege Tank  
  86  8:12  Planetary Fortress  
  90  8:15  Marine  
  91  8:29  SCV x2  
  91  8:32  Missile Turret  
  79  8:42  Siege Tank  
  81  8:51  Liberator  
  81  8:52  Liberator  
  87  9:11  Marine  
  87  9:12  Marine x7  
  87  9:15  SCV x2  
  97  9:17  SCV, Supply Depot  
  97  9:20  Refinery  
  98  9:27  SCV x2  
  98  9:29  SCV, Marine x2  
  102  9:34  Marine  
  102  9:35  Marine x3  
  106  9:39  SCV  
  106  9:54  Medivac  
  106  9:55  Medivac x2  
  106  9:56  Marine x2  
  106  9:57  Marine x6  
  120  10:01  SCV x2  
  120  10:02  SCV  
  120  10:06  Refinery  
  123  10:08  Supply Depot  
  123  10:09  Factory  
  123  10:13  SCV  
  123  10:14  SCV  
  125  10:25  Supply Depot  
  125  10:26  Marine x8  
  125  10:27  SCV x3, Siege Tank  
  125  10:28  Supply Depot  
  125  10:50  Supply Depot  
  109  11:23  Marine x6  
  115  11:26  Factory Tech Lab  
  115  11:29  Widow Mine  
  117  11:49  Siege Tank  
  117  11:51  Widow Mine, Liberator  
  117  11:52  Liberator  
  117  11:53  Viking  
  130  12:05  Marine x2  
  130  12:06  Marine x4  
  136  12:09  Missile Turret  
  136  12:12  Widow Mine  
  136  12:21  Siege Tank  
  125  12:23  Viking  
  123  12:33  Siege Tank  
  120  12:37  Stimpack  
  120  12:39  Combat Shield, Marine  
  120  12:40  Marine x2  
  116  12:53  Siege Tank  
  116  12:56  SCV x2  
  119  13:13  Marine x5  
  119  13:17  Command Center  
  119  13:18  Liberator  
  119  13:19  Liberator x2  
  133  13:21  Marine x3  
  133  13:22  Siege Tank  
  133  13:25  Siege Tank  
  142  13:28  Armory  
  142  13:31  Marine x2  
  141  13:54  Siege Tank  
  130  14:01  Liberator  
  130  14:06  SCV  
  130  14:07  SCV x2  
  130  14:08  Marine x2  
  135  14:10  Liberator  
  135  14:12  Supply Depot  
  135  14:16  Fusion Core  
  138  14:18  SCV  
  138  14:19  SCV, Terran Vehicle Weapons Level 1  
  138  14:22  Missile Turret  
  140  14:26  Viking, Siege Tank  
  145  14:32  Supply Depot  
  145  14:46  SCV x2, Command Center  
  129  15:05  Marine  
  129  15:06  Marine x7  
  137  15:23  Marine x2  
  137  15:24  Marine x4  
  137  15:25  Terran Infantry Weapons Level 1  
  143  15:44  Planetary Fortress  
  143  15:47  SCV x3  
  146  15:50  Marine x7  
  146  15:52  Refinery  
  153  15:59  Marine  
  154  16:07  Marine  
  154  16:08  Marine  
  141  16:46  Marine x5  
  150  16:47  Marauder x2, Marine  
Show
View Real Time Build Order
Export as new Build Order

FeEbLeNFraiL Terran 

Build Orders: Liberator Opening, Mech 

Get SALT Encoding   

  12  0:02  SCV  
  13  0:14  SCV  
  13  0:17  Supply Depot  
  14  0:27  SCV  
  15  0:39  SCV  
  15  0:41  Barracks  
  16  0:48  Refinery  
  16  0:51  SCV  
  17  1:03  SCV  
  18  1:15  SCV  
  19  1:32  Reaper  
  20  1:37  Supply Depot  
  20  1:45  Orbital Command  
  20  1:47  Refinery  
  20  2:12  Factory  
  20  2:19  SCV  
  21  2:23  Command Center  
  21  2:32  SCV  
  21  2:34  Barracks Tech Lab  
  22  2:44  SCV  
  23  2:49  Supply Depot  
  23  2:59  SCV  
  23  3:01  Barracks Reactor  
  23  3:03  Siege Tank  
  27  3:07  Starport  
  27  3:11  SCV  
  28  3:23  SCV, Engineering Bay  
  28  3:25  Supply Depot  
  29  3:35  SCV, Siege Tank  
  33  3:41  Marine x2  
  33  3:45  Orbital Command  
  35  3:53  Missile Turret  
  35  3:57  Liberator  
  38  4:03  SCV  
  38  4:07  Hellion  
  38  4:08  Marine  
  42  4:10  Marine  
  43  4:21  Supply Depot  
  43  4:25  Marine  
  43  4:28  Marine, Siege Tank  
  48  4:32  Missile Turret  
  48  4:35  SCV x2  
  50  4:49  Supply Depot  
  50  4:58  Medivac  
  52  5:02  Marine  
  52  5:03  Marine  
  51  5:23  Marine x2  
  51  5:24  SCV, Siege Tank  
  51  5:25  SCV  
  57  5:36  SCV  
  58  5:44  Marine  
  52  5:53  Marine  
  52  5:54  Medivac  
  55  5:59  SCV x2  
  55  6:02  Supply Depot  
  55  6:03  Supply Depot  
  57  6:08  Command Center, Marine  
  57  6:11  SCV, Marine  
  57  6:20  SCV  
  57  6:23  SCV  
  59  6:31  Starport Reactor, Siege Tank  
  59  6:32  Marine x2  
  64  6:36  SCV x2  
  64  6:37  Factory  
  64  6:39  Factory  
  66  6:41  Refinery  
  66  6:42  Refinery  
  66  6:52  SCV  
  67  6:56  Marine x2  
  67  6:59  SCV  
  70  7:03  Siege Tank  
  70  7:05  SCV  
  74  7:11  SCV  
  75  7:17  SCV  
  75  7:18  Supply Depot x2  
  75  7:20  Marine x2  
  78  7:23  SCV  
  78  7:24  Factory  
  78  7:25  Supply Depot, Factory Tech Lab x2  
  78  7:29  SCV  
  80  7:39  Siege Tank  
  80  7:40  Marine x2  
  80  7:42  SCV x2  
  87  7:47  Missile Turret  
  87  7:49  Hellion x2  
  91  7:58  Marine  
  92  8:00  SCV x2  
  94  8:06  Marine  
  94  8:10  Hellion, Siege Tank  
  94  8:11  Viking x2  
  104  8:15  Marine  
  104  8:17  Supply Depot  
  105  8:21  Planetary Fortress  
  86  8:46  Marine x2  
  76  8:58  SCV x2  
  76  8:59  SCV  
  76  9:01  Siege Tank  
  76  9:02  Siege Tank  
  82  9:08  Viking  
  82  9:09  Viking  
  86  9:17  Hellion x2  
  86  9:18  Armory  
  86  9:20  SCV  
  86  9:21  SCV  
  89  9:34  Hellion  
  89  9:38  Viking, Marine x2  
  95  9:39  Viking  
  88  9:56  Siege Tank x3  
  97  10:05  SCV  
  97  10:06  SCV  
  99  10:08  Viking  
  99  10:09  Viking, SCV  
  99  10:12  Sensor Tower  
  104  10:18  SCV  
  104  10:20  Factory Reactor, Command Center  
  105  10:24  Sensor Tower  
  105  10:27  SCV x2  
  107  10:28  Refinery  
  107  10:32  Supply Depot  
  107  10:33  Supply Depot  
  107  10:41  Refinery  
  90  10:55  SCV x2  
  88  11:13  Thor x2, Siege Tank  
  88  11:14  Hellbat, Widow Mine  
  107  11:35  Hellion  
  107  11:36  Hellion  
  111  11:45  Hellion  
  113  11:52  Viking  
  113  11:53  Viking  
  117  11:56  Hellion  
  117  11:57  Hellion x3  
  125  12:06  Hellion  
  110  12:18  Hellion x3  
  94  12:34  Siege Tank  
  86  12:39  Siege Tank x2  
  89  12:50  Marine x2  
  91  12:53  Liberator x2  
  91  12:56  Orbital Command  
  95  13:06  Siege Tank  
  94  13:17  Siege Tank  
  94  13:19  Hellion x3  
  103  13:38  Hellion  
  82  14:00  Planetary Fortress  
  82  14:07  SCV x2  
  82  14:08  Refinery  
  84  14:10  Refinery  
  84  14:19  SCV x2  
  84  14:21  Siege Tank  
  84  14:24  Command Center  
  89  14:31  Siege Tank  
  92  14:32  SCV x2  
  92  14:38  SCV  
  95  14:44  SCV  
  66  15:13  Siege Tank x2  
  72  15:16  Hellion x3  
  72  15:17  SCV x2  
  72  15:18  SCV  
  81  15:25  Marine x2  
  83  15:33  Command Center  
  83  15:37  Hellion  
  83  15:38  SCV x2  
  83  15:41  Refinery  
  83  15:42  Refinery  
  87  15:43  Orbital Command  
  87  15:48  Siege Tank  
  87  15:49  Siege Tank  
  93  16:04  Siege Tank  
  93  16:05  Hellion x2  
  100  16:21  Marine  
  100  16:23  Marine  
  97  16:26  Liberator  
  89  16:39  Marine  
  63  16:41  Marine  
  63  16:43  Siege Tank x2  
  63  16:46  Hellion x2  
  63  16:47  Hellion  
  76  16:53  SCV x3  
Tags
 
Add a new tag
Caveats
  • Supply blocks, unpowered buildings, or Contaminate may cause inaccurate times.
  • Supply counts are checked every 10 seconds.